 Dungeon Crawl Stone Soup version 0.19.5 (webtiles) character file.

82650 MTVSty1e the Fighter (level 15, -3/80 HPs)
             Began as a Gargoyle Fighter on Nov 13, 2016.
             Was a High Priest of the Shining One.
             Slain by a death yak (13 damage)
             ... led by Polyphemus
             ... on level 2 of the Shoals on Apr 7, 2017.
             The game lasted 01:23:49 (22175 turns).

MTVSty1e the Fighter (Gargoyle Fighter)            Turns: 22175, Time: 01:23:49

Health: -3/80      AC: 28    Str: 31 (32) XL:     15   Next: 74%
Magic:  8/17       EV:  7    Int:  9      God:    the Shining One [*****.]
Gold:   1606       SH: 22    Dex:  1 (5)  Spells: 2 memorised, 3 levels left

rFire  . . .     SeeInvis +     g - +0 broad axe (flame)
rCold  . . .     Gourm    .     e - +0 plate armour
rNeg   + + +     Faith    .     t - +0 shield {reflect}
rPois  ∞         Spirit   .     (no helmet)
rElec  +         Reflect  +     B - +0 cloak
rCorr  .         Harm     .     m - +0 pair of gloves
MR     +....     Rnd*Rage +     (no boots)
Stlth  ..........               L - amulet of regeneration
                                c - ring of see invisible
                                l - +6 ring of strength

@: exhausted, divine shield, flying, slowed, glowing, very slow
A: big wings, berserk 2, blurry vision 2, clumsy 2, deterioration 2, frail 2,
low mp 3, negative energy resistance 1, screaming 2, electricity resistance,
unbreathing, petrification resistance, no device heal 2, rot immunity, subdued
magic 2, MP-powered wands, AC +11
a: Stop Flying, Divine Shield, Cleansing Flame, Summon Divine Warrior, Renounce
Religion


You were on level 2 of the Shoals.
You worshipped the Shining One.
The Shining One was extremely pleased with you.
You were not hungry.

You visited 4 branches of the dungeon, and saw 21 of its levels.
You visited the Abyss 1 time.

You collected 1606 gold pieces.

Inventory:

Hand Weapons
 f - a +2 broad axe of holy wrath
 g - a +0 broad axe of flaming (weapon)
 u - a +4 hand axe of chopping
 W - a +4 flail of crushing
Armour
 e - a +0 plate armour (worn)
 m - a +0 pair of gloves (worn)
 q - +0 steam dragon scales
 t - a +0 shield of reflection (worn)
 B - a +0 cloak (worn)
Jewellery
 c - a ring of see invisible (right hand)
 l - a +6 ring of strength (left hand)
 x - an uncursed ring of fire
 H - a +2 ring of strength
 L - an amulet of regeneration (around neck)
Wands
 w - a wand of slowing (29/48)
 y - a wand of enslavement (21/24)
 C - a wand of polymorph (6/24)
 E - a wand of lightning (3/15)
 N - a wand of heal wounds (0/9)
 Q - a wand of lightning (3/15)
 R - a wand of confusion (25/48)
 S - a wand of enslavement (10/24)
 T - a wand of paralysis (11/24)
 U - a wand of disintegration (9/24)
 V - a wand of disintegration (7/24)
 Y - a wand of lightning (5/15)
 Z - a wand of flame (33/48)
Scrolls
 a - a scroll of amnesia
 b - 2 scrolls of blinking
 j - 2 scrolls of magic mapping
 p - 11 scrolls of teleportation
 v - a scroll of fog
 M - 4 scrolls of enchant armour
 O - a scroll of identify
 P - 3 scrolls of fear
 X - a scroll of recharging
Potions
 d - 2 potions of agility
 k - 8 potions of curing
 n - 2 potions of ambrosia
 o - 2 potions of flight {unknown}
 z - a potion of lignification {unknown}
 D - a potion of cancellation {unknown}
 I - 2 potions of brilliance
 K - 2 potions of magic {unknown}
Books
 G - a book of the Warp

   Spells                             Type                      Level
   a - Gell's Gravitas                Hexes/Translocation          3
   b - Portal Projectile              Translocation                3
   c - Force Lance                    Conjuration/Translocation    4
   d - Dispersal                      Translocation                6
   e - Controlled Blink               Translocation                8
   f - Disjunction                    Translocation                8
Comestibles
 i - 7 meat rations
 s - 12 royal jellies
 J - 9 bread rations


   Skills:
 * Level 14.0 Fighting
 + Level 9.0 Axes
 + Level 10.8 Armour
 + Level 8.2 Dodging
 + Level 10.7 Shields
 - Level 5.3 Charms
 - Level 4.5 Necromancy
 * Level 3.2 Translocations
 * Level 12.4 Invocations
 - Level 6.0 Evocations


You had 3 spell levels left.
You knew the following spells:

 Your Spells              Type           Power        Failure   Level  Hunger
a - Regeneration          Chrm/Necr      #.........   99%         3    ####...
b - Controlled Blink      Tloc           N/A          100%        8    #######


Dungeon Overview and Level Annotations

Branches:
Dungeon (12/15)            Temple (1/1) D:5            Lair (6/6) D:10
 Shoals (2/4) Lair:4        Slime (0/5) Lair:5          Orc (0/2) D:9
  Snake: Lair:2-4    Spider: Lair:2-4

Altars:
Ashenzari
Cheibriados
Dithmenos
Elyvilon
Fedhas
Gozag
Hepliaklqana
Kikubaaqudgha
Makhleb
Nemelex Xobeh
Okawaru
Qazlal
Ru
Sif Muna
Trog
Uskayaw
Vehumet
Xom
Yredelemnul
Zin
The Shining One
Jiyva

Annotations:
Shoals:1 Polyphemus
Shoals:2 Louise


Innate Abilities, Weirdness & Mutations

You are resistant to torment.
Your stone body is resilient. (AC +11)
You are immune to poison.
Your large and strong wings let you fly indefinitely.
You resist negative energy. (rN+)
You are resistant to electric shocks. (rElec)
You can survive without breathing.
You are immune to petrification.
You are immune to rotting.
Your body often deteriorates upon taking damage.
[You often lose your temper in combat.]
[Scrolls take you longer to read.]
[You are very clumsy. (Dex -4)]
[You are very frail. (-20% HP)]
[Your magical capacity is extremely low. (-30% MP)]
[You sometimes yell uncontrollably at your foes.]
[Potions and wands are poor at restoring your health.]
[Your spells are easier to cast, but less powerful.]
[You expend magic power (3 MP) to strengthen your wands.]


Message History

You slash the merfolk! You burn the merfolk.
The merfolk hits you but does no damage.
The death yak gores you! You block the death yak's attack.
You slash the merfolk! You burn the merfolk.
The merfolk is severely wounded.
You hit the death yak. You burn the death yak.
You hit the death yak but do no damage. You block the death yak's attack.
The merfolk hits you but does no damage.
You block the death yak's attack. The death yak gores you!
* * * LOW HITPOINT WARNING * * *
Your body deteriorates!
You feel clumsy.
The merfolk hits you but does no damage.
You are too injured to fight recklessly!
You are too injured to fight recklessly!
Your divine shield is renewed.
You feel slightly more hungry. The death yak gores you.
* * * LOW HITPOINT WARNING * * *
The merfolk barely misses you. You block the death yak's attack.
The death yak gores you!
You die...

...≈≈≈.....≈≈≈≈≈≈≈≈≈≈≈≈≈..≈≈≈≈≈≈≈
.....#####........≈≈≈≈≈≈≈≈≈≈≈≈≈≈≈
....## #.......#.≈≈≈≈.≈≈≈≈≈≈≈≈≈
#... .......###.....≈≈≈≈≈≈≈≈≈ ..
........# #.....≈≈≈≈≈≈≈≈≈
.........# #....≈≈≈≈≈≈≈≈≈≈
...≈≈....###..≈≈≈≈≈≈≈≈≈≈≈≈
...≈......#..≈≈≈≈≈≈≈≈≈≈≈≈≈
......Y@m.≈≈≈≈≈≈≈≈≈≈≈≈≈≈
......YY..≈≈≈≈≈≈≈≈≈≈≈≈≈≈
..........≈≈≈≈≈≈≈≈≈≈≈≈≈≈
.##.####@.≈≈≈≈≈≈≈≈≈≈≈≈≈≈ #
..≈≈≈≈≈≈≈≈≈≈≈≈≈≈≈
#..≈≈≈≈≈≈≈≈≈≈≈≈≈≈≈
.Y....≈≈≈≈≈≈≈≈≈≈≈≈
.Y....≈≈.≈≈≈≈≈≈≈≈≈ ≈....≈≈≈≈≈≈≈≈


You could see Louise, 3 death yaks and a merfolk.

Vanquished Creatures
  A tentacled monstrosity (Abyss:2)
  A merfolk javelineer (Shoals:1)
  Snorg (Lair:4)
  A merfolk impaler (Shoals:2)
  A fire dragon (Lair:6)
  6 hydras
  A merfolk aquamancer (Shoals:2)
  A naga warrior (Abyss:2)
  A catoblepas (Shoals:2)
  A merfolk avatar (Shoals:1)
  A death knight (D:11)
  An alligator snapping turtle (Shoals:2)
  5 death yaks (Lair:6)
  Urug (Lair:4)
  A thrashing horror (Abyss:2)
  A hell knight (Abyss:2)
  5 sea snakes
  A spatial maelstrom (Abyss:2)
  4 wretched stars (Abyss:2)
  A phantasmal warrior (D:10)
  3 harpies (Shoals:1)
  The ghost of Gekot the Skirmisher, a novice FoFi (D:5)
  An ugly thing (D:11)
  2 manticores (Shoals:1)
  A cyclops (D:11)
  5 fauns
  A worldbinder (Abyss:2)
  An ice statue (Lair:2)
  A guardian serpent (Abyss:2)
  3 black mambas (Lair:6)
  3 sirens
  14 spiny frogs
  A naga mage (Abyss:2)
  An orange demon (Abyss:2)
  3 water nymphs
  3 rime drakes
  6 komodo dragons
  A kobold demonologist (Abyss:2)
  An ice devil (Lair:2)
  4 trolls
  A hornet (D:4)
  A wind drake (Shoals:1)
  13 polar bears
  6 merfolk
  2 snapping turtles
  10 hippogriffs
  2 large abominations (Abyss:2)
  4 raiju (Lair:6)
  A meliai zombie (D:11)
  8 blink frogs
  13 dream sheep
  A slime creature (Lair:3)
  A shadow (D:11)
  Sigmund (D:2)
  A fire dragon zombie (Abyss:2)
  5 water elementals
  4 wraiths
  3 wyverns
  40 yaks
  2 hogs (D:11)
  A human (D:11)
  6 small abominations (Abyss:2)
  4 basilisks (Lair:6)
  A chaos spawn (Abyss:2)
  A hungry ghost (D:8)
  3 steam dragons
  4 vampire mosquitoes (D:12)
  2 neqoxecs (Abyss:2)
  Menkaure (D:6)
  2 mottled dragons (Lair:6)
  2 nagas (Abyss:2)
  7 wargs (Lair:6)
  A spatial vortex (Abyss:2)
  4 hell hounds (Lair:6)
  Duvessa (D:4)
  13 water moccasins
  2 porcupines (Lair:5)
  2 swamp drakes (Lair:6)
  3 phantoms
  14 ice beasts
  A sky beast (D:5)
  14 black bears
  9 orc warriors
  A necrophage (D:8)
  9 ogres
  The ghost of BorisBritva the Cutter, an amateur DsGl (D:3)
  7 centaurs
  10 wolves (Lair:6)
  13 crocodiles
  5 big kobolds
  A wyvern zombie (D:10)
  4 gnoll sergeants (D:9)
  10 bullfrogs
  A water moccasin skeleton (D:9)
  4 scorpions
  Dowan (D:4)
  7 wights
  An electric eel (Lair:3)
  6 howler monkeys
  2 centaur zombies
  5 crimson imps
  6 starcursed masses (Abyss:2)
  2 bullfrog zombies
  4 orc priests
  Crazy Yiuf (D:4)
  9 jellies
  3 centaur skeletons
  24 hounds
  4 iguanas
  Jessica (D:3)
  Natasha (D:2)
  14 orc wizards
  4 hell rats (Lair:6)
  12 worker ants
  3 hound zombies
  2 hound skeletons
  A mummy (D:6)
  Robin (D:4)
  A howler monkey zombie (D:10)
  A worker ant zombie (D:11)
  14 gnolls
  A howler monkey skeleton (D:8)
  10 adders
  3 shadow imps
  An ufetubus (Abyss:2)
  19 oozes
  An adder zombie (D:7)
  An adder skeleton (D:6)
  4 worms
  3 dart slugs (D:1)
  4 leopard geckos
  43 orcs
  8 giant cockroaches
  42 goblins
  35 hobgoblins
  8 jackals (D:7)
  A quokka (D:4)
  3 bats
  6 frilled lizards
  3 hobgoblin zombies (D:6)
  19 kobolds
  A kobold zombie (D:6)
  A leopard gecko zombie (D:5)
  8 rats
  A bush (Lair:5)
  2 fungi (Lair:3)
  8 plants
741 creatures vanquished.

Vanquished Creatures (collateral kills)
  Donald (Shoals:2)
  2 fauns (Shoals:2)
3 creatures vanquished.

Vanquished Creatures (others)
  A rime drake (Lair:6)
  A small abomination (Abyss:2)
  A hound (Lair:6)
  A hell rat (Lair:6)
  An iguana (Lair:6)
  An orc (D:10)
  14 fungi
  25 plants
45 creatures vanquished.

Grand Total: 789 creatures vanquished

Notes
Turn   | Place    | Note
-------+----------+-------------------------------------------
     0 | D:1      | MTVSty1e the Gargoyle Fighter began the quest for the Orb.
     0 | D:1      | Reached XP level 1. HP: 14/14 MP: 1/1
   120 | D:1      | Reached XP level 2. HP: 11/19 MP: 2/2
   563 | D:1      | Reached XP level 3. HP: 17/23 MP: 3/3
   646 | D:1      | Reached skill level 1 in Dodging
   923 | D:2      | Reached XP level 4. HP: 19/29 MP: 4/4
  1151 | D:2      | Found a blossoming altar of Fedhas.
  1164 | D:2      | Reached skill level 4 in Fighting
  1342 | D:2      | Noticed Sigmund
  1347 | D:2      | Killed Sigmund
  1347 | D:2      | Reached XP level 5. HP: 23/34 MP: 5/5
  1347 | D:2      | Reached XP level 6. HP: 27/40 MP: 6/6
  1413 | D:2      | Found a faded altar of an unknown god.
  1499 | D:2      | Noticed Natasha
  1511 | D:2      | Killed Natasha
  1769 | D:3      | Reached skill level 5 in Fighting
  2239 | D:3      | Noticed BorisBritva's ghost (amateur DsGl)
  2260 | D:3      | Killed BorisBritva's ghost
  2563 | D:3      | Noticed Jessica
  2566 | D:3      | Killed Jessica
  2566 | D:3      | Reached XP level 7. HP: 38/44 MP: 2/7
  2803 | D:4      | Noticed Robin
  2814 | D:4      | Killed Robin
  2820 | D:4      | Found a runed door.
  3271 | D:4      | Reached skill level 6 in Fighting
  3271 | D:4      | Reached skill level 5 in Armour
  3271 | D:4      | Reached skill level 5 in Shields
  3443 | D:4      | Noticed Dowan
  3444 | D:4      | Noticed Duvessa
  3459 | D:4      | Killed Dowan
  3465 | D:4      | Killed Duvessa
  3465 | D:4      | Reached XP level 8. HP: 28/52 MP: 2/8
  4025 | D:4      | Noticed a hornet
  4046 | D:4      | Killed a hornet
  4046 | D:4      | Reached skill level 7 in Fighting
  4312 | D:4      | Noticed Crazy Yiuf
  4319 | D:4      | Killed Crazy Yiuf
  4344 | D:5      | Entered Level 5 of the Dungeon
  4365 | D:5      | Learned a level 3 spell: Regeneration
  4698 | D:5      | Noticed Gekot's ghost (novice FoFi)
  4739 | D:5      | Killed Gekot's ghost
  4739 | D:5      | Reached skill level 1 in Evocations
  4739 | D:5      | Reached XP level 9. HP: 27/59 MP: 2/10
  4910 | D:5      | Found a staircase to the Ecumenical Temple.
  4911 | D:5      | Found a snail-covered altar of Cheibriados.
  4974 | Temple   | Entered the Ecumenical Temple
  5161 | Temple   | Became a worshipper of the Shining One
  5473 | D:5      | Reached skill level 8 in Fighting
  5732 | D:5      | Reached skill level 1 in Invocations
  5870 | D:5      | Reached skill level 1 in Charms
  6052 | D:6      | Noticed Menkaure
  6060 | D:6      | Killed Menkaure
  6170 | D:6      | Found a stormy altar of Qazlal.
  6206 | D:6      | Reached skill level 1 in Necromancy
  6206 | D:6      | Reached * piety under the Shining One
  6465 | D:6      | Reached skill level 5 in Axes
  6521 | D:6      | Reached XP level 10. HP: 44/65 MP: 7/12
  7074 | D:7      | Reached skill level 9 in Fighting
  7079 | D:7      | Reached ** piety under the Shining One
  7099 | D:7      | Gained mutation: You have large cloven feet. [potion of mutation]
  7099 | D:7      | Gained mutation: Your mind is acute. (Int +2) [potion of mutation]
  7100 | D:7      | Gained mutation: [You tend to lose your temper in combat.] [potion of mutation]
  7100 | D:7      | Lost mutation: Your mind is acute. (Int +2) [potion of mutation]
  7100 | D:7      | Gained mutation: You have a pair of small horns on your head. [potion of mutation]
  8669 | D:9      | Reached *** piety under the Shining One
  8966 | D:9      | Reached XP level 11. HP: 47/72 MP: 14/14
  8970 | D:9      | Reached skill level 5 in Invocations
  9000 | D:9      | Reached skill level 5 in Dodging
  9080 | D:9      | Found a staircase to the Orcish Mines.
  9800 | D:9      | Found an opulent altar of Gozag.
  9808 | D:9      | Found an ancient bone altar of Kikubaaqudgha.
  9809 | D:9      | Found a sacrificial altar of Ru.
  9809 | D:9      | Found a snail-covered altar of Cheibriados.
  9813 | D:9      | Found a deep blue altar of Sif Muna.
  9864 | D:10     | Entered Level 10 of the Dungeon
  9947 | D:10     | Found a staircase to the Lair.
 10252 | D:10     | Reached skill level 10 in Fighting
 10257 | D:10     | Reached **** piety under the Shining One
 10690 | D:11     | Noticed a phantasmal warrior
 10761 | D:10     | Upgraded the game from 0.19.0-19-g8c6edcc to 0.19.0-20-gbc5f0c6
 10762 | D:10     | Upgraded the game from 0.19.0-20-gbc5f0c6 to 0.19.0-22-gd96e5fe
 10762 | D:10     | Upgraded the game from 0.19.0-22-gd96e5fe to 0.19.0-24-gb05acd6
 11411 | D:11     | Noticed a death knight
 11432 | D:10     | Killed a phantasmal warrior
 11559 | D:10     | Reached XP level 12. HP: 78/78 MP: 16/16
 11690 | D:11     | Killed a death knight
 11690 | D:11     | Reached ***** piety under the Shining One
 12685 | D:12     | Noticed a five-headed hydra
 12857 | Lair:1   | Entered Level 1 of the Lair of Beasts
 12972 | Lair:1   | Found a shattered altar of Ashenzari.
 13464 | Lair:1   | Reached skill level 11 in Fighting
 14264 | Lair:2   | Reached skill level 5 in Evocations
 14596 | Lair:2   | Upgraded the game from 0.19.0-24-gb05acd6 to 0.19.5
 14649 | Lair:2   | Reached XP level 13. HP: 55/84 MP: 19/19
 14810 | Lair:3   | Reached skill level 5 in Charms
 16037 | Lair:4   | Lost mutation: [You tend to lose your temper in combat.] [potion of cure mutation]
 16037 | Lair:4   | Lost mutation: You have a pair of small horns on your head. [potion of cure mutation]
 16038 | Lair:4   | Lost mutation: You have large cloven feet. [potion of cure mutation]
 16068 | Lair:4   | Noticed Snorg
 16102 | Lair:4   | Killed Snorg
 16261 | Lair:4   | Noticed Urug
 16285 | Lair:4   | Killed Urug
 16468 | Lair:4   | Reached skill level 12 in Fighting
 16915 | Lair:4   | Found a staircase to the Shoals.
 17212 | Lair:5   | Found a runed door.
 17212 | Lair:5   | Found a viscous altar of Jiyva.
 17233 | Lair:5   | Found a staircase to the Slime Pits.
 18016 | Lair:6   | Entered Level 6 of the Lair of Beasts
 18054 | Lair:6   | Reached skill level 10 in Invocations
 18140 | Lair:6   | Gained mutation: Your large and strong wings let you fly indefinitely. [Gargoyle growth]
 18140 | Lair:6   | Reached XP level 14. HP: 51/92 MP: 21/21
 18418 | Lair:6   | Reached ****** piety under the Shining One
 18611 | Lair:6   | Reached skill level 13 in Fighting
 18614 | Lair:6   | The Shining One protects you from harm!
 19255 | Lair:6   | Reached skill level 10 in Armour
 19669 | Shoals:1 | Entered Level 1 of the Shoals
 19701 | Shoals:1 | Reached skill level 10 in Shields
 19716 | Shoals:1 | Identified a +2 broad axe of holy wrath (a +0 broad axe of freezing blessed by the Shining One)
 19716 | Shoals:1 | Received a gift from the Shining One
 20000 | Shoals:1 | Reached XP level 15. HP: 57/99 MP: 23/23
 20982 | Shoals:2 | Noticed Polyphemus
 20985 | Shoals:2 | HP: 5/100 [Polyphemus/large rock (18)]
 21140 | Shoals:1 | Learned a level 8 spell: Controlled Blink
 21353 | Shoals:1 | HP: 4/100 [Polyphemus (10)]
 21359 | Shoals:1 | The Shining One protects you from harm!
 21361 | Shoals:1 | Noticed Polyphemus
 21361 | Shoals:1 | Polyphemus changed into Polyphemus the iron troll
 21423 | Shoals:2 | Noticed Donald
 21433 | Shoals:2 | HP: 7/150 [Donald/broad axe of flaming (9)]
 21434 | Shoals:2 | Killed Donald
 21565 | Shoals:2 | Reached skill level 1 in Translocations
 21606 | Shoals:2 | Noticed Louise
 21608 | Shoals:2 | Cast into level 2 of the Abyss (Louise)
 21608 | Abyss:2  | Found a corrupted altar of Lugonu.
 21747 | Abyss:2  | Gained mutation: Your body sometimes deteriorates upon taking damage. [a neqoxec]
 21748 | Abyss:2  | Gained mutation: [Your magical capacity is low. (-10% MP)] [a neqoxec]
 21751 | Abyss:2  | Gained mutation: Your body often deteriorates upon taking damage. [a neqoxec]
 21787 | Abyss:2  | Noticed a tentacled monstrosity
 21798 | Abyss:2  | Killed a tentacled monstrosity
 22017 | Abyss:2  | Reached skill level 14 in Fighting
 22171 | Shoals:2 | Escaped the Abyss
 22175 | Shoals:2 | Slain by a death yak

Skill      XL: |  1  2  3  4  5  6  7  8  9 10 11 12 13 14 15 |
---------------+----------------------------------------------+-----
Axes           | 2 3 4 5 6 7 8 9 |  9.0
Dodging        | 1 2 3 4 5 6 7 8 |  8.2
Fighting       | 4 5 6 7 8 9 10 11 12 13 14 | 14.0
Armour         | 4 5 6 7 8 9 10 | 10.8
Shields        | 4 5 6 7 8 9 10 | 10.7
Evocations     | 1 2 3 4 5 6 |  6.0
Invocations    | 2 4 6 8 10 11 12 | 12.4
Charms         | 1 3 4 5 |  5.3
Necromancy     | 1 2 3 4 |  4.5
Translocations | 3 |  3.2

Action                   |  1- 3 |  4- 6 |  7- 9 | 10-12 | 13-15 || total
-------------------------+-------+-------+-------+-------+-------++-------
Melee: War axe           |    89 |    89 |       |       |       ||   178
       Hand axe          |       |    26 |   623 |   819 |   207 ||  1675
       Kick              |       |       |       |   273 |    78 ||   351
       Headbutt          |       |       |       |   178 |    58 ||   236
       Broad axe         |       |       |       |       |   784 ||   784
       Flail             |       |       |       |       |    48 ||    48
Invok: Cleansing Flame   |       |       |       |       |    12 ||    12
       Brand Weapon With |       |       |       |       |     1 ||     1
       Divine Shield     |       |       |       |       |     6 ||     6
       Summon Divine War |       |       |       |       |     3 ||     3
 Abil: Evoke Flight      |       |       |       |     1 |       ||     1
       Fly               |       |       |       |       |     1 ||     1
Evoke: Wand              |       |       |       |    10 |    11 ||    21
  Use: Potion            |       |     1 |     1 |    11 |    16 ||    29
       Scroll            |       |     6 |       |    15 |    13 ||    34
 Stab: Confused          |       |       |       |       |     1 ||     1
  Eat: Beef jerky        |       |     1 |       |     5 |     2 ||     8
       Bread ration      |       |     1 |     1 |     1 |       ||     3
       Meat ration       |       |       |     2 |     2 |     2 ||     6
       Royal jelly       |       |       |       |     3 |       ||     3
       Pizza             |       |       |       |     1 |     9 ||    10
       Fruit             |       |       |       |     1 |     6 ||     7
Armor: Scale mail        |    43 |    53 |   261 |   349 |   109 ||   815
       Plate armour      |       |       |       |       |   639 ||   639
Dodge: Dodged            |    43 |    61 |   218 |   356 |   478 ||  1156
Block: Shield            |    46 |    67 |   331 |   567 |   842 ||  1853
       Reflection        |       |       |       |       |     6 ||     6
